 Dungeon Crawl Stone Soup version 0.30.1-9-gdf580d7c3d (webtiles) character file.

Game seed: 5394975053705153967

104 safid the Chiller (level 4, -8/34 HPs)
             Began as a Merfolk Ice Elementalist on Oct 13, 2023.
             Mangled by an iron imp (10 damage)
             ... on level 3 of the Dungeon.
             The game lasted 00:02:47 (2242 turns).

safid the Chiller (Merfolk Ice Elementalist)        Turns: 2242, Time: 00:02:47

Health: -8/34      AC:  2    Str:  8    XL:     4   Next: 80%
Magic:  0/8        EV: 12    Int: 16    God:
Gold:   98         SH:  0    Dex: 14    Spells: 2/9 levels left

rFire   . . .        c - +0 spear
rCold   . . .        (no shield)
rNeg    . . .        a - +0 robe
rPois   .            (no helmet)
rElec   .            (no cloak)
rCorr   .            (no gloves)
SInv    +            (no boots)
Will    .....        (no amulet)
Stlth   ++           f - ring of see invisible
HPRegen 0.25/turn    (no ring)
MPRegen 0.11/turn

%: no passive effects
@: freezing walls
A: (nimble swimmer 2), mertail
a: no special abilities


You were on level 3 of the Dungeon.
You visited 1 branch of the dungeon, and saw 3 of its levels.

You collected 98 gold pieces.

Inventory:

Hand Weapons
 c - a +0 spear (weapon)
Armour
 a - a +0 robe (worn)
Jewellery
 f - a ring of see invisible (left hand)
Scrolls
 h - 2 scrolls of teleportation {unknown}
 i - a scroll of magic mapping {unknown}
 j - 3 scrolls of identify {unknown}
 k - 2 scrolls of enchant armour {unknown}
 m - a scroll of fear {unknown}
Potions
 b - a potion of magic
 d - a potion of lignification {unknown}
 e - 3 potions of attraction {unknown}
 g - 3 potions of brilliance {unknown}
 l - a potion of mutation {unknown}
 n - a potion of degeneration {unknown}
 o - a potion of curing {unknown}


   Skills:
 + Level 2.5 Fighting
 - Level 2.6 Dodging
 - Level 2.1 Stealth
 + Level 3.0 Spellcasting
 + Level 5.2 Ice Magic


You had 2 spell levels left.
You knew the following spells:

 Your Spells              Type           Power      Damage    Failure   Level
a - Freeze                Ice            76%        1d8       2%          1
b - Frozen Ramparts       Ice            38%        1d6       6%          3
c - Ozocubu's Armour      Ice            19%        N/A       6%          3

Your spell library contained the following spells:

 Spells                   Type           Power      Damage    Failure   Level
 Apportation              Tloc           4%         N/A       19%         1
 Necrotise                Necr           8%         1d4       19%         1
 Summon Small Mammal      Summ           8%         N/A       19%         1
 Summon Ice Beast         Ice/Summ       10%        N/A       54%         4


Dungeon Overview and Level Annotations

Branches:
Dungeon (3/15)

Altars:

Shops:
D:1 *


Innate Abilities, Weirdness & Mutations

((You are very nimble when in or above water. (Stealth+, EV+, Speed+++)))
Your lower body shifts to a powerful aquatic tail in water.


Message History

Unknown command.
You hit the iron imp but do no damage.
The iron imp is heavily wounded.
The wall freezes the orc.
The orc closely misses you.
The wall freezes the orc wizard.
You kill the orc wizard!
The iron imp resists.
The wall freezes the iron imp.
The iron imp hits you!
* * * LOW HITPOINT WARNING * * *
Your Spellcasting skill increases to level 3!
Unknown command.
You hit the iron imp.
The iron imp is severely wounded.
The wall freezes the orc.
You kill the orc!
The iron imp resists.
The wall freezes the iron imp.
The iron imp hits you.
* * * LOW HITPOINT WARNING * * *
Unknown command.
You hit the iron imp but do no damage.
The iron imp is almost dead.
Unknown command.
Casting: Frozen Ramparts (dangerous; 6% risk of failure)
Confirm with . or Enter, or press ? or * to list all spells.
Aiming: Freeze (safe; 2% risk of failure)
Press: ? - help, Shift-Dir - straight line, f - iron imp
Aim: an iron imp (almost dead)
You freeze the iron imp but do no damage.
The iron imp completely resists.
The wall freezes the iron imp but does no damage.
The iron imp hits you.
* * * LOW HITPOINT WARNING * * *
Casting: Freeze (safe; 2% risk of failure)
Confirm with . or Enter, or press ? or * to list all spells.
Aiming: Freeze (safe; 2% risk of failure)
Press: ? - help, Shift-Dir - straight line, f/p - iron imp
Aim: an iron imp (almost dead)
You freeze the iron imp.
The iron imp resists.
The iron imp is almost dead.
The wall freezes the iron imp but does no damage.
The iron imp hits you!
You die...

###.......# .....
#...⌠...⌠##
.....#
...........#
.....#
.#########.#
#.....# #)#
......#
##.###.###.......
#......#)).#
##†####.#5###
####..#... #@#
#..P..#.# #.#
#...♣~~...####.#
#..~.~..~......#
##.~~.~.~♣#.####
#.~~~~~~...#
#.~.~≈.~..##
#.~~~~~..##
#..~~~.~P#


You could see an iron imp.

Vanquished Creatures
  An orc wizard (D:3)
  3 adders
  A worm (D:2)
  A dart slug (D:2)
  4 orcs (D:3)
  3 bats (D:1)
  An endoplasm (D:1)
  A giant cockroach (D:1)
  2 goblins
  3 hobgoblins
  4 quokkas
  5 ball pythons
  8 frilled lizards
  6 kobolds
  7 rats
50 creatures vanquished.

Notes
Turn   | Place    | Note
-------+----------+-------------------------------------------
     0 | D:1      | safid the Merfolk Ice Elementalist began the quest for the
                  | Orb.
     0 | D:1      | Reached XP level 1. HP: 13/13 MP: 3/3
   219 | D:1      | Reached XP level 2. HP: 16/20 MP: 5/5
   259 | D:1      | Reached skill level 1 in Fighting
   744 | D:1      | Found Nuxzics's Assorted Antiques.
   987 | D:2      | Reached XP level 3. HP: 14/26 MP: 2/6
  2082 | D:3      | Reached skill level 5 in Ice Magic
  2082 | D:3      | Reached XP level 4. HP: 28/33 MP: 6/8
  2103 | D:3      | Learned a level 3 spell: Frozen Ramparts
  2107 | D:3      | Learned a level 3 spell: Ozocubu's Armour
  2241 | D:3      | HP: 1/34 [iron imp (1)]
  2242 | D:3      | Mangled by an iron imp

Illustrated notes

Levels and vault maps discovered:
D:1:      roderic_octagonal_star, layout_basic, serial_shops,
          nicolae_shop_rolling_square, kennysheep_crisscross,
          minmay_fountain_box
D:2:      layout_basic, minmay_ruptured
D:3:      layout_basic, grunt_dithmenos_smoke_and_mirrors,
          nicolae_overflow_ecumenical_swirl, slow_altar_1, serial_bayou,
          serial_bayou_lagoon_b, serial_bayou_pond_b, serial_bayou_pond_a,
          serial_bayou_shore_b, minivault_26, hangedman_decor_riveting,
          grunt_ministairs_1, serial_bayou_ford_a

Skill      XL: |  1  2  3  4 |
---------------+-------------+-----
Fighting       | 1 2 |  2.5
Ice Magic      | 5 |  5.2
Spellcasting   | 3 |  3.0
Dodging        | |  2.6
Stealth        | |  2.1

Action                     |  1- 3 |  4- 6 || total
---------------------------+-------+-------++-------
  Melee: Spear             |   139 |    19 ||   158
         Unarmed           |     7 |       ||     7
   Cast: Freeze            |    12 |     9 ||    21
         Frozen Ramparts   |       |     3 ||     3
   Stab: Sleeping          |     9 |       ||     9
 Armour: Robe              |    24 |     3 ||    27
  Dodge: Dodged            |    97 |    18 ||   115
